 Dungeon Sprint DCSS version 0.24.0-1-gfbc8707 (webtiles) character file.

Game seed: 12314237063901944630, levelgen mode: deterministic

37548 Fang the Warrior (level 13, -1/100 HPs)
             Began as a Gargoyle Berserker on Nov 7, 2019.
             Was the Champion of Trog.
             Slain by a snapping turtle (10 damage)
             ... in the Dungeon (Sprint V: "Ziggurat Sprint").
             The game lasted 00:06:13 (1668 turns).

Fang the Warrior (Gargoyle Berserker)               Turns: 1668, Time: 00:06:14

Health: -1/100     AC: 38    Str: 29    XL:     13   Next: 97%
Magic:  13/13      EV:  8    Int: 11    God:    Trog [******]
Gold:   0          SH: 34    Dex: 12    Spells: 12/12 levels left

rFire    . . .     SeeInvis +   a - +5 broad axe (drain)
rCold    . . .     Gourm    +   E - +18 shield of the Gong {rElec rN+ MR+ EV-5}
rNeg     + + +     Faith    .   b - +15 Maxwell's patent armour {-Cast -Tele rElec MR+ rCorr}
rPois    ∞         Spirit   .   K - +0 mask of the Dragon {MR+ Slay+3 SInv}
rElec    +         Reflect  .   J - +1 cloak {+Inv}
rCorr    +         Harm     .   (no gloves)
MR       +++++     Rnd*Rage +   (no boots) Stlth ..........NoTele +
                                g - amulet "Pick" {Gourm +Blink rN+ Dex+3}
HPRegen  1.26/turn NoCast   +   D - +6 ring of strength
MPRegen  0.13/turn              o - ring "Cengelle" {rPois Str-3 Int+3 Slay+5 Stlth+}

@: berserk cooldown, regenerating, slowed, very slow
A: berserk 1, deformed body, negative energy resistance 1, screaming 1,
electricity resistance, unbreathing, petrification resistance, rot immunity, AC
+9
a: Berserk, Trog's Hand, Brothers in Arms, Renounce Religion, Evoke Blink, Evoke
Invisibility


You were in the Dungeon.
You worshipped Trog.
Trog was exalted by your worship.
You were full.

You visited 1 branch

Inventory:

Hand Weapons
 a - a +5 broad axe of draining (weapon)
 B - a +2 antimagic broad axe
 O - a +3 vampiric broad axe
Armour
 b - the +15 Maxwell's patent armour (worn) {-Cast -Tele rElec MR+ rCorr}
   (You found it in the Dungeon)

   It insulates you from electricity.
   It affects your resistance to hostile enchantments.
   It prevents spellcasting.
   It prevents most forms of teleportation.
   It provides partial protection from all sources of acid and corrosion.
 E - the +18 shield of the Gong (worn) {rElec rN+ MR+ EV-5}
   (You found it in the Dungeon)

   It affects your evasion (-5).
   It insulates you from electricity.
   It protects you from negative energy.
   It affects your resistance to hostile enchantments.
 J - a +1 cloak of invisibility (worn)
 K - the +0 mask of the Dragon (worn) {MR+ Slay+3 SInv}
   (You found it in the Dungeon)

   It affects your accuracy and damage with ranged weapons and melee attacks
   (+3).
   It affects your resistance to hostile enchantments.
   It lets you see invisible.
Jewellery
 g - the amulet "Pick" (around neck) {Gourm +Blink rN+ Dex+3}
   (You found it in the Dungeon)

   [amulet of the gourmand]

   It allows you to eat raw meat even when not hungry.
   It affects your dexterity (+3).
   It protects you from negative energy.
   It lets you blink.
 o - the ring "Cengelle" (right hand) {rPois Str-3 Int+3 Slay+5 Stlth+}
   (You found it in the Dungeon)

   [ring of intelligence]

   It affects your strength (-3).
   It affects your intelligence (+3).
   It affects your accuracy and damage with ranged weapons and melee attacks
   (+5).
   It protects you from poison.
   It makes you more stealthy.
 x - the amulet "Aseicum" {Faith rC+}
   (You found it in the Dungeon)

   [amulet of faith]

   It allows you to gain divine favour quickly.
   It protects you from cold.
 y - the ring of Xom's Recklessness {rF+++ MP-9 Str-2 Int+4 Stlth+}
   (You found it in the Dungeon)

   [ring of intelligence]

   It affects your strength (-2).
   It affects your intelligence (+4).
   It renders you almost immune to fire.
   It affects your magic capacity (-9).
   It makes you more stealthy.
 z - an uncursed ring of ice
 A - the ring of the Shining Light {Ice MR- Str+4 Dex+6}
   (You found it in the Dungeon)

   [ring of ice]

   It enhances your ice magic.
   It affects your strength (+4).
   It affects your dexterity (+6).
   It makes you vulnerable to fire.
   It protects you from cold.
   It affects your resistance to hostile enchantments.
 C - a +6 ring of strength
 D - a +6 ring of strength (left hand)
 F - the amulet of Secrets {Acrobat Str+5}
   (You found it in the Dungeon)

   [amulet of the acrobat]

   It helps you evade while moving and waiting.
   It affects your strength (+5).
 H - the amulet of Nuurchem {+Blink +Rage rF+ SInv}
   (You found it in the Dungeon)

   [amulet of rage]

   It protects you from fire.
   It lets you see invisible.
   It lets you blink.
   It lets you go berserk.
 I - an uncursed ring of see invisible
 L - an uncursed ring of resist corrosion
 N - the ring of Fauhoer {rF+ SInv}
   (You found it in the Dungeon)

   [ring of protection from fire]

   It protects you from fire.
   It lets you see invisible.
 P - an uncursed ring of stealth
 Q - an uncursed ring of protection from magic
Wands
 u - a wand of disintegration (7)
 v - a wand of iceblast (7)
 w - a wand of acid (7)
Scrolls
 i - 4 scrolls of blinking
 j - 7 scrolls of fog
 k - a scroll of holy word
 l - 5 scrolls of identify
 m - 5 scrolls of remove curse
 n - 2 scrolls of fear
 G - 4 scrolls of enchant armour
Potions
 d - 10 potions of curing
 e - 8 potions of heal wounds
 f - 9 potions of haste
 h - 3 potions of berserk rage
 p - 2 potions of invisibility
 q - 4 potions of resistance
 r - a potion of experience
 s - 6 potions of agility
 t - 5 potions of might
Comestibles
 c - 6 rations
 M - 10 chunks of flesh


   Skills:
 * Level 19.5 Fighting
 * Level 16.9 Axes
 + Level 14.3 Armour
 + Level 11.4 Dodging
 * Level 19.2 Shields


You had 12 spell levels left.
You didn't know any spells.
Your spell library was empty.

Dungeon Overview and Level Annotations

Branches:
Dungeon (1/1)

Altars:
Ashenzari
Cheibriados
Dithmenos
Elyvilon
Fedhas
Gozag
Hepliaklqana
Kikubaaqudgha
Makhleb
Nemelex Xobeh
Okawaru
Qazlal
Ru
Sif Muna
Trog
Uskayaw
Vehumet
Wu Jian
Xom
Yredelemnul
Zin
The Shining One
Beogh
Jiyva
Lugonu

Annotations:
D 1 transporter


Innate Abilities, Weirdness & Mutations

You are resistant to torment.
Your stone body is resilient. (AC +9)
You are immune to poison.
You resist negative energy. (rN+)
You are resistant to electric shocks. (rElec)
You can survive without breathing.
You are immune to petrification.
You are immune to rotting.
You tend to lose your temper in combat.
Armour fits poorly on your strangely shaped body.
You occasionally shout uncontrollably at your foes.


Message History

* * * LOW HITPOINT WARNING * * *
The silver javelin pierces through your cyclops!!
Your cyclops dies!
Your cyclops's corpse disappears in a puff of smoke!
The merfolk javelineer throws a silver javelin.
The silver javelin pierces through you!
* * * LOW HITPOINT WARNING * * *
The silver sears you!
* * * LOW HITPOINT WARNING * * *
You hear a splash.
You block the snapping turtle's attack.
GONNNNG!
The merfolk hits you but does no damage.
The water nymph closely misses you.
The merfolk javelineer throws a silver javelin.
The silver javelin pierces through you but does no damage.
The silver sears you!
* * * LOW HITPOINT WARNING * * *
The snapping turtle bites you!
You die...

▓▓▓▓▓▓▓▓▓▓▓▓▓▓▓▓▓▓▓▓▓▓▓▓
▓≈.≈≈≈8©8..≈..▓....8©8...
▓≈.!:[[")=}...▓..[}):.:..
▓≈..}|≈)::[...▓..}".:).}.
▓≈..≈..≈≈.....▓..........
▓≈.≈.≈≈m)).≈..▓..........
▓...≈.mm@H≈≈≈(▓..........
▓..≈.≈.tm§(...▓....b.....
▓≈....≈≈≈≈((..▓..▓.).).▓.
▓≈.▓≈..(≈.≈▓≈≈▓.▓▓▓)))▓▓▓
▓≈▓≈▓≈((.≈▓.▓(▓..▓.....▓.
▓≈.▓.≈.≈...▓..▓.....©....
▓.≈...(.......▓▓▓▓▓▓▓▓▓▓▓
▓.≈≈≈≈.©.≈≈.≈.▓....8©8...
▓▓▓▓▓▓▓▓▓▓▓▓▓▓▓...:).).).


You could see 2 merfolk javelineers, a snapping turtle, a merfolk, a manticore
and a water nymph.

Vanquished Creatures
  An acid blob (D)
  2 thorn hunters (D)
  2 orc warlords (D)
  3 very ugly things (D)
  2 apis (D)
  A merfolk impaler (D)
  2 dancing weapons (D)
  2 merfolk aquamancers (D)
  A satyr (D)
  An anaconda (D)
  4 spriggan berserkers (D)
  2 skeletal warriors (D)
  An unseen horror (shapeshifter) (D)
  A sixfirhy (D)
  A sea snake (D)
  A spriggan druid (D)
  A glowing orange brain (shapeshifter) (D)
  A swamp dragon (shapeshifter) (D)
  A wizard (D)
  2 ugly things (D)
  3 fauns (D)
  A cyclops (D)
  6 draconians (D)
  4 deep elf magi (D)
  A smoke demon (D)
  2 naga magi (D)
  A black mamba (D)
  A komodo dragon (shapeshifter) (D)
  A dryad (D)
  2 freezing wraiths (D)
  A red devil (D)
  A jumping spider (shapeshifter) (D)
  2 trolls (D)
  A wind drake (D)
  4 slime creatures (D)
  A dream sheep (shapeshifter) (D)
  A large abomination (D)
  A spriggan (shapeshifter) (D)
  2 tarantellas (shapeshifter) (D)
  A ynoxinul (D)
  A basilisk (shapeshifter) (D)
  4 neqoxecs (D)
  A warg (D)
  A hell hound (D)
  2 water moccasins (D)
  A floating eye (shapeshifter) (D)
  4 orc warriors (D)
  An ice beast (D)
  An eye of draining (D)
  2 black bears (D)
  An eye of draining (shapeshifter) (D)
  An ogre (D)
  A wolf (D)
  A wight (D)
  2 crimson imps (D)
  2 quasits (D)
  7 jellies (D)
  An iron imp (D)
  A mummy (D)
  2 shadow imps (D)
  4 white imps (D)
  3 ufetubi (D)
  2 adder skeletons (D)
  2 bat zombies (D)
  2 ball pythons (D)
  A leopard gecko skeleton (D)
120 creatures vanquished.

Vanquished Creatures (others)
  A merfolk aquamancer (D)
  A merfolk avatar (D)
  4 briar patches (D)
6 creatures vanquished.

Grand Total: 126 creatures vanquished

Notes
Turn   | Place    | Note
-------+----------+-------------------------------------------
     0 | D        | Fang the Gargoyle Berserker began the quest for the Orb.
     0 | D        | Reached XP level 1. HP: 14/14 MP: 1/1
     0 | D        | Found a blossoming altar of Fedhas.
     1 | D        | Found the +6 Majin-Bo {vamp, Archmagi MP+6 Int+6}
     1 | D        | Found the +7 great mace "Firestarter" {inner flame, rF++}
     1 | D        | Found a transporter.
     1 | D        | Found a viscous altar of Jiyva.
     1 | D        | Found an ancient bone altar of Kikubaaqudgha.
     1 | D        | Found a hazy altar of Hepliaklqana.
     1 | D        | Found a corrupted altar of Lugonu.
     1 | D        | Found an opulent altar of Gozag.
     1 | D        | Found a burning altar of Makhleb.
    17 | D        | Found a stormy altar of Qazlal.
    17 | D        | Found an iron altar of Okawaru.
    17 | D        | Found a sacrificial altar of Ru.
    17 | D        | Found a sparkling altar of Nemelex Xobeh.
    17 | D        | Found a shimmering blue altar of Sif Muna.
    17 | D        | Found a bloodstained altar of Trog.
    24 | D        | Found the +9 heavy crossbow "Sniper" {velocity, Acc+∞ SInv}
    24 | D        | Found the +10 dark maul {crush}
    24 | D        | Found the +15 Maxwell's patent armour {-Cast -Tele rElec
                  | MR+ rCorr}
    24 | D        | Found the +18 shield of the Gong {rElec rN+ MR+ EV-5}
    24 | D        | Found the cursed +14 obsidian axe {chop, +Fly SInv *Curse}
    75 | D        | Entered arena 2.
    75 | D        | Found a transporter.
    82 | D        | Reached XP level 2. HP: 20/20 MP: 2/2
    88 | D        | Entered arena 3.
    88 | D        | Noticed a black bear
    88 | D        | Noticed a wolf
    88 | D        | Noticed a black bear
    88 | D        | Found a transporter.
    94 | D        | Killed a black bear
    94 | D        | Reached ** piety under Trog
    94 | D        | Reached skill level 5 in Fighting
    94 | D        | Reached XP level 3. HP: 27/27 MP: 3/3
    94 | D        | Reached XP level 4. HP: 32/32 MP: 4/4
    95 | D        | Killed a black bear
    95 | D        | Reached skill level 5 in Axes
    95 | D        | Reached XP level 5. HP: 38/38 MP: 5/5
    97 | D        | Killed a wolf
    97 | D        | Reached skill level 5 in Armour
    97 | D        | Reached XP level 6. HP: 35/44 MP: 6/6
   103 | D        | Got the ring "Cengelle" {rPois Str-3 Int+3 Slay+5 Stlth+}
   133 | D        | Entered arena 4.
   133 | D        | Noticed a large abomination
   133 | D        | Found a transporter.
   136 | D        | Reached *** piety under Trog
   140 | D        | Killed a large abomination
   140 | D        | Reached XP level 7. HP: 50/50 MP: 7/7
   144 | D        | Got the amulet "Aseicum" {Faith rC+}
   196 | D        | Entered arena 5.
   196 | D        | Found a transporter.
   199 | D        | Reached **** piety under Trog
   298 | D        | Entered arena 6.
   298 | D        | Noticed a red devil
   298 | D        | Noticed a sixfirhy
   298 | D        | Noticed a smoke demon
   298 | D        | Found a transporter.
   305 | D        | Killed a sixfirhy
   305 | D        | Reached ***** piety under Trog
   305 | D        | Reached skill level 10 in Fighting
   305 | D        | Reached skill level 5 in Dodging
   305 | D        | Reached XP level 8. HP: 58/58 MP: 8/8
   310 | D        | Killed a smoke demon
   310 | D        | Reached skill level 10 in Shields
   316 | D        | Killed a red devil
   316 | D        | Reached XP level 9. HP: 53/64 MP: 9/9
   394 | D        | Got the amulet "Pick" {Gourm +Blink rN+ Dex+3}
   396 | D        | Got the ring of Xom's Recklessness {rF+++ MP-9 Str-2 Int+4
                  | Stlth+}
   450 | D        | Entered arena 7.
   450 | D        | Noticed a draconian
   450 | D        | Noticed a draconian
   450 | D        | Noticed a draconian
   450 | D        | Noticed a draconian
   450 | D        | Noticed a draconian
   450 | D        | Noticed a draconian
   452 | D        | Found a transporter.
   457 | D        | Killed a draconian
   457 | D        | Reached skill level 10 in Axes
   462 | D        | Killed a draconian
   464 | D        | Killed a draconian
   465 | D        | Killed a draconian
   465 | D        | Reached XP level 10. HP: 72/72 MP: 10/10
   472 | D        | Killed a draconian
   472 | D        | Received a gift from Trog
   478 | D        | Killed a draconian
   537 | D        | Entered arena 8.
   537 | D        | Noticed a deep elf mage
   537 | D        | Noticed a deep elf mage
   537 | D        | Noticed a deep elf mage
   537 | D        | Noticed a +2 short sword of speed
   537 | D        | Noticed a +5 vampiric battleaxe
   537 | D        | Noticed a deep elf mage
   538 | D        | Found the +3 robe of Folly {Archmagi, MR-- Int+5}
   538 | D        | Found a transporter.
   541 | D        | Killed a deep elf mage
   541 | D        | Reached ****** piety under Trog
   544 | D        | Killed a deep elf mage
   547 | D        | Killed a +2 short sword of speed
   547 | D        | Received a gift from Trog
   550 | D        | Killed a deep elf mage
   550 | D        | Reached skill level 10 in Armour
   550 | D        | Killed a deep elf mage
   550 | D        | Killed a +5 vampiric battleaxe
   550 | D        | Reached XP level 11. HP: 60/80 MP: 11/11
   713 | D        | Entered arena 9.
   714 | D        | Found a transporter.
   723 | D        | Received a gift from Trog
   754 | D        | Entered arena 10.
   754 | D        | Noticed a green ugly thing
   754 | D        | Noticed a green ugly thing
   754 | D        | Noticed a swamp dragon
   754 | D        | a yaktaur changed into a swamp dragon
   755 | D        | Found a transporter.
   762 | D        | Killed a green ugly thing
   768 | D        | Killed a green ugly thing
   768 | D        | Killed a swamp dragon
   768 | D        | Received a gift from Trog
   768 | D        | Reached skill level 15 in Fighting
   770 | D        | Gained mutation: You occasionally shout uncontrollably at
                  | your foes. [a neqoxec]
   857 | D        | Entered arena 11.
   857 | D        | Noticed a wizard
   858 | D        | Found a transporter.
   859 | D        | Paralysed by a wizard for 5 turns
   867 | D        | Received a gift from Trog
   867 | D        | Gained mutation: Armour fits poorly on your strangely
                  | shaped body. [a neqoxec]
   868 | D        | Killed a wizard
   868 | D        | Reached skill level 15 in Shields
   929 | D        | Entered arena 12.
   929 | D        | Noticed a skeletal warrior
   930 | D        | Noticed a skeletal warrior
   931 | D        | Found a transporter.
   934 | D        | Killed a skeletal warrior
   937 | D        | Received a gift from Trog
   944 | D        | Killed a skeletal warrior
   982 | D        | Got the amulet of Secrets {Acrobat Str+5}
   988 | D        | Got the amulet of Nuurchem {+Blink +Rage rF+ SInv}
  1133 | D        | Entered arena 13.
  1133 | D        | Noticed a cyclops
  1133 | D        | Noticed an orc warlord
  1134 | D        | Noticed an orc warlord
  1135 | D        | Found the +0 mask of the Dragon {MR+ Slay+3 SInv}
  1135 | D        | Found a transporter.
  1139 | D        | Received a gift from Trog
  1145 | D        | Reached XP level 12. HP: 88/88 MP: 12/12
  1151 | D        | Killed an orc warlord
  1151 | D        | Received a gift from Trog
  1157 | D        | Killed an orc warlord
  1346 | D        | Entered arena 14.
  1347 | D        | Noticed a brown very ugly thing
  1347 | D        | Noticed a green very ugly thing
  1347 | D        | Gained mutation: You tend to lose your temper in combat. [a
                  | shining eye]
  1348 | D        | Noticed a red very ugly thing
  1356 | D        | Killed a green very ugly thing
  1363 | D        | Killed a green very ugly thing
  1363 | D        | Received a gift from Trog
  1363 | D        | Reached skill level 10 in Dodging
  1372 | D        | Killed a green very ugly thing
  1372 | D        | Reached skill level 15 in Axes
  1401 | D        | Found a transporter.
  1407 | D        | Got the ring of the Shining Light {Ice MR- Str+4 Dex+6}
  1419 | D        | Entered arena 15.
  1421 | D        | Noticed an acid blob
  1423 | D        | Found a transporter.
  1425 | D        | Received a gift from Trog
  1433 | D        | Killed an acid blob
  1433 | D        | Reached XP level 13. HP: 97/97 MP: 10/13
  1438 | D        | Received a gift from Trog
  1473 | D        | Got the ring of Fauhoer {rF+ SInv}
  1496 | D        | Entered arena 16.
  1497 | D        | Noticed a thorn hunter
  1497 | D        | Noticed an apis
  1497 | D        | Noticed a thorn hunter
  1498 | D        | Noticed an apis
  1498 | D        | Identified the +6 quarterstaff "Impbane" {elec, Dex+3}
  1516 | D        | Killed an apis
  1516 | D        | Received a gift from Trog
  1519 | D        | Killed a thorn hunter
  1527 | D        | Killed an apis
  1527 | D        | Received a gift from Trog
  1531 | D        | Killed a thorn hunter
  1554 | D        | Found a transporter.
  1634 | D        | Entered arena 17.
  1637 | D        | Noticed a merfolk javelineer
  1637 | D        | Noticed a merfolk impaler
  1637 | D        | Noticed a merfolk javelineer
  1641 | D        | Found a transporter.
  1646 | D        | Received a gift from Trog
  1662 | D        | Killed a merfolk impaler
  1667 | D        | Received a gift from Trog
  1668 | D        | Slain by a snapping turtle

Levels and vault maps discovered:
D:        sprint_v [room_start, room_1, room_2, room_3, room_4, room_5, room_6,
          room_7, room_8, room_9, room_10, room_11, room_12, room_13, room_14,
          room_15, room_16, room_17, room_18, room_19, room_20, room_21,
          room_22, room_23, room_24, room_25, room_26, room_27]

Skill      XL: |  1  2  3  4  5  6  7  8  9 10 11 12 13 |
---------------+----------------------------------------+-----
Fighting       | 4 5 7 8 10 11 12 14 15 17 19 | 19.5
Axes           | 3 4 5 6 7 8 9 10 12 13 15 16 | 16.9
Dodging        | 2 3 4 5 6 8 9 10 11 | 11.4
Shields        | 2 4 6 8 9 10 12 13 15 17 19 | 19.2
Armour         | 4 5 6 7 9 10 11 13 14 | 14.3

Action                   |  1- 3 |  4- 6 |  7- 9 | 10-12 | 13-15 || total
-------------------------+-------+-------+-------+-------+-------++-------
Melee: Broad axe         |    11 |     8 |    32 |   136 |    57 ||   244
Invok: Berserk           |     1 |     1 |     2 |     7 |     2 ||    13
       Trog's Hand       |       |       |       |       |     2 ||     2
       Brothers in Arms  |       |       |       |       |     1 ||     1
  Use: Scroll            |       |       |       |       |     3 ||     3
       Potion            |       |       |       |       |     2 ||     2
  Eat: Ration            |       |       |     1 |       |       ||     1
       Chunk             |       |       |       |    25 |     2 ||    27
Armor: Plate armour      |     8 |     5 |    25 |    10 |    81 ||   129
       Robe              |       |       |       |    25 |       ||    25
Dodge: Dodged            |     1 |       |     3 |    22 |    29 ||    55
Block: Shield            |    12 |    13 |    63 |   174 |   126 ||   388
